 Dungeon Crawl Stone Soup version 0.29-a0-334-gb41bcbb86e (webtiles) character file.

Game seed: 16748353660463351013

55 spaghetti the Vexing (level 3, 30/30 HPs)
             Began as a Deep Dwarf Arcane Marksman on Apr 15, 2022.
             Was a Believer of Zin.
             Quit the game on level 3 of the Dungeon.
             The game lasted 00:02:58 (1022 turns).

spaghetti the Vexing (Deep Dwarf Arcane Marksman)   Turns: 1022, Time: 00:02:58

Health: 30/30      AC:  3    Str: 13    XL:     3   Next: 67%
Magic:  3/3        EV: 12    Int: 15    God:    Zin [**....]
Gold:   64         SH:  0    Dex: 13    Spells: 0/4 levels left

rFire   . . .      SeeInvis .   a - +0 hand crossbow {crossbow}
rCold   . . .      Faith    .   (no shield)
rNeg    . . .      Spirit   .   b - +0 robe
rPois   .          Reflect  .   (no helmet)
rElec   .          Harm     .   e - +0 cloak
rCorr   .          Rampage  .   (no gloves)
Will    .....                   (no boots)
Stlth   +.........              (no amulet)
HPRegen 0.00/turn               (no ring)
MPRegen 0.08/turn               (no ring)

@: no status effects
A: damage resistance, heal wounds, sense surroundings 1, no regeneration
a: Heal Wounds, Renounce Religion, Recite, Vitalisation, Donate Gold


You were on level 3 of the Dungeon.
You worshipped Zin.
Zin was pleased with you.
You visited 1 branch of the dungeon, and saw 3 of its levels.

You collected 71 gold pieces.
You donated 7 gold pieces to Zin.


Innate Abilities, Weirdness & Mutations

You are resistant to damage.
You can heal yourself by infusing magical energy.
You passively map a small area around you.
You do not regenerate.


   Skills:
 - Level 0.8 Fighting
 - Level 2.1 Crossbows
 - Level 2.1 Dodging
 - Level 1.0 Spellcasting
 + Level 3.9 Hexes


You couldn't memorise any spells.
You knew the following spells:

 Your Spells              Type           Power      Damage    Failure   Level
a - Slow                  Hex            48%        N/A       4%          1
b - Inner Flame           Hex/Fire       6%         N/A       32%         3

Your spell library contained the following spells:

 Spells                   Type           Power      Damage    Failure   Level
 Portal Projectile        Hex/Tloc       12%        N/A       32%         3
 Cause Fear               Hex            6%         N/A       43%         4
 Dragon Form              Tmut           0%         N/A       100%        7
 Dragon's Call            Summ           0%         N/A       100%        9

Inventory:

Hand Weapons
 a - a +0 hand crossbow (weapon) {crossbow}
Missiles
 d - 87 stones {throwing}
Armour
 b - a +0 robe (worn)
 e - a +0 cloak (worn)
   (You found it on level 2 of the Dungeon)
Jewellery
 h - an amulet of guardian spirit
   (You found it on level 2 of the Dungeon)
Scrolls
 c - a scroll of vulnerability {!r!r}
 f - a scroll of silence {unknown}
 g - a scroll of fear {unknown}
 i - 5 scrolls of identify {unknown}
 j - a scroll of magic mapping {unknown}
 k - a scroll of immolation {unknown}

Dungeon Overview and Level Annotations

Branches:
Dungeon (3/15)

Altars:
Zin

########
**
#......#,
, #.....@+
, ,
#.....h#,
#++##.g#*
* * #....,
*, #.g....
#........,
,
#........
,
#........
* ,
,#..######
,


You could see a jackal and 2 goblins.


Message History

Press: ? - help, Q - select action, (/) - cycle Shift-Dir - straight line You shoot a bolt.
Something hits you. x2
Shoot: a) +0 hand crossbow {crossbow}
Press: ? - help, Q - select action, (/) - cycle Shift-Dir - straight line You shoot a bolt.
Something hits you. 😕 HP[-1]
You take 1 damage, and now have 27/30 hp.
Shoot: a) +0 hand crossbow {crossbow}
Press: ? - help, Q - select action, (/) - cycle Shift-Dir - straight line You shoot a bolt.
Something hits you. x2
Shoot: a) +0 hand crossbow {crossbow}
Press: ? - help, Q - select action, (/) - cycle Shift-Dir - straight line You shoot a bolt.
Something hits you.
Shoot: a) +0 hand crossbow {crossbow}
Press: ? - help, Q - select action, (/) - cycle Shift-Dir - straight line You shoot a bolt.
Something hits you. 😕 HP[-2]
You take 2 damage, and now have 25/30 hp.
Shoot: a) +0 hand crossbow {crossbow}
Press: ? - help, Q - select action, (/) - cycle Shift-Dir - straight line You shoot a bolt.
Something hits you but does no damage.
You hear some strange, mumbled words.
A magic dart appears from out of thin air!
The magic dart hits you! 😮 HP[-8]
You take 8 damage, and now have 17/30 hp.
MASSIVE DAMAGE!! (PAUSE) Shoot: a) +0 hand crossbow {crossbow}
Press: ? - help, Q - select action, (/) - cycle Shift-Dir - straight line You shoot a bolt.
Something hits you.
Shoot: a) +0 hand crossbow {crossbow}
Press: ? - help, Q - select action, (/) - cycle Shift-Dir - straight line You shoot a bolt.
Something hits you. Something barely misses you.
Shoot: a) +0 hand crossbow {crossbow}
Press: ? - help, Q - select action, (/) - cycle Shift-Dir - straight line You shoot a bolt.
Something hits you.
Shoot: a) +0 hand crossbow {crossbow}
Press: ? - help, Q - select action, (/) - cycle Shift-Dir - straight line You shoot a bolt.
You hear some strange, mumbled words.
A magic dart appears from out of thin air!
The magic dart hits you!
* * * LOW HITPOINT WARNING * * *
😨 HP[-7]
You take 7 damage, and now have 10/30 hp.
MASSIVE DAMAGE!! (PAUSE) Shoot: a) +0 hand crossbow {crossbow}
Press: ? - help, Q - select action, (/) - cycle Shift-Dir - straight line You shoot a bolt.
An orc wizard appears from thin air!
Reactivating autopickup.
The orc wizard hits you with a +0 dagger.
* * * LOW HITPOINT WARNING * * *
The orc wizard gestures at you while chanting.
You resist with some effort. 😨 HP[-1]
You take 1 damage, and now have 9/30 hp.
Shoot: a) +0 hand crossbow {crossbow}
Press: ? - help, Q - select action, (/) - cycle Shift-Dir - straight line You shoot a bolt.
The bolt misses the orc wizard.
The orc wizard barely misses you.
Shoot: a) +0 hand crossbow {crossbow}
Press: ? - help, Q - select action, (/) - cycle Shift-Dir - straight line You shoot a bolt.
The bolt hits the orc wizard but does no damage.
The orc wizard barely misses you. x2
Shoot: a) +0 hand crossbow {crossbow}
Press: ? - help, Q - select action, (/) - cycle Shift-Dir - straight line You shoot a bolt.
The bolt hits the orc wizard.
The orc wizard misses you.
Shoot: a) +0 hand crossbow {crossbow}
Press: ? - help, Q - select action, (/) - cycle Shift-Dir - straight line You shoot a bolt.
The bolt hits the orc wizard.
You kill the orc wizard!
You fail to use your ability.
Your magical essence is drained by the effort!
You feel much better. 😎 HP[+21] MP[-1]
Your hp is fully restored (30).
Unknown command.
There is an escape hatch in the floor here.
You slide downwards.
The hatch slams shut behind you.
The jackal barks!
The goblin shouts!
The jackal bites you but does no damage. x2
Unknown command.
Casting: Slow (safe; 4% risk of failure)
Confirm with . or Enter, or press ? or * to list all spells.
The spell is quite dangerous to miscast (32% risk of failure)!
Continue anyway?
Okay, then.
The jackal closely misses you.
Are you sure you want to abandon this character and quit the game? (Confirm with "yes".)

Skill      XL: |  1 |
---------------+----+-----
Hexes          | 3 |  3.9
Fighting       | |  0.8
Crossbows      | |  2.1
Dodging        | |  2.1
Spellcasting   | |  1.0

Action                   || total
-------------------------++-------
Melee: Hand crossbow     ||     4
 Fire: Hand crossbow     ||   104
 Cast: Slow              ||     1
 Abil: Heal Wounds       ||     2
  Use: Potion            ||     4
Armor: Robe              ||    18
Dodge: Dodged            ||    22

Levels and vault maps discovered:
D:1:      amcnicky_arrival_feature_with_door, layout_rooms,
          hellmonk_ecumenical_altar_crossroads
D:2:      layout_basic
D:3:      kennysheep_goblin_castle, layout_rooms, serial_shops, shop,
          grunt_decor_resistance, chequers_serial_rivers_room_a, uniq_grinder,
          uniq_ijyb, uniq_jessica, uniq_natasha

Notes
Turn   | Place    | Note
-------+----------+-------------------------------------------
     0 | D:1      | spaghetti the Deep Dwarf Arcane Marksman began the quest
                  | for the Orb.
     0 | D:1      | Reached XP level 1. HP: 16/16 MP: 2/2
     0 | D:1      | magus.rc [v1.9.6]
    87 | D:1      | Found a faded altar of an unknown god.
   106 | D:1      | Prayed at the altar of an unknown god.
   106 | D:1      | Became a worshipper of Zin the Law-Giver
   106 | D:1      | Reached * piety under Zin
   121 | D:1      | You pick up a book of the Dragon and begin reading...
   121 | D:1      | You add the spells Dragon Form and Dragon's Call to your
                  | library.
   127 | D:1      | Reached skill level 3 in Hexes
   127 | D:1      | Reached XP level 2. HP: 24/24 MP: 3/3
   622 | D:2      | Reached ** piety under Zin
   675 | D:2      | Reached XP level 3. HP: 25/30 MP: 4/4
   679 | D:2      | Learned a level 3 spell: Inner Flame
  1022 | D:3      | Quit the game

Vanquished Creatures
  An orc wizard (D:2)
  A bat (D:1)
  4 endoplasms (D:1)
  4 goblins
  4 hobgoblins
  2 kobolds (D:2)
  3 quokkas
  4 ball pythons (D:1)
  3 rats
26 creatures vanquished.

Table legend:
 A = Non-vault XP
 B = Vault XP
 C = Vault XP percentage of total XP
 D = Non-vault monster count
 E = Vault monster count
 F = Vault count percentage of total count
                 A         B        C        D         E       F
            +---------+---------+-------+---------+---------+-------
      Total |      79 |       0 |   0.0 |      26 |       0 |   0.0
            +---------+---------+-------+---------+---------+-------
        D:1 |      33 |       0 |   0.0 |      19 |       0 |   0.0
        D:2 |      46 |       0 |   0.0 |       7 |       0 |   0.0
            +---------+---------+-------+---------+---------+-------

Illustrated notes

Table legend:
 A = Kills in this place as a percentage of kills in entire the game.
 B = Kills by you in this place as a percentage of kills by you in the entire game.
 C = Kills by friends in this place as a percentage of kills by friends in the entire game.
 D = Other kills in this place as a percentage of other kills in the entire game.
 E = Experience gained in this place as a percentage of experience gained in the entire game.
 F = Experience gained in this place divided by the number of levels of this place that you have seen.
                   A       B       C       D       E      F
               +-------+-------+-------+-------+-------+----------------------
         Total | 100.0 | 100.0 |   N/A |   N/A | 100.0 |  26.3
       Dungeon | 100.0 | 100.0 |   N/A |   N/A | 100.0 |  26.3
               +-------+-------+-------+-------+-------+----------------------

Table legend: (Time is in decaauts)
 A = Elapsed time spent in this place.
 B = Non-inter-level travel time spent in this place.
 C = Inter-level travel time spent in this place.
 D = Time resting spent in this place.
 E = Time spent auto-exploring this place.
 F = Levels seen in this place.
 G = Mean time per level.
                   A        B        C        D        E       F      G
               +--------+--------+--------+--------+--------+-----+--------+
         Total |   1066 |    992 |     74 |      0 |    748 |   3 |  355.3 |
       Dungeon |   1066 |    992 |     74 |      0 |    748 |   3 |  355.3 |
               +--------+--------+--------+--------+--------+-----+--------+

Top non-repeatable levels by time:
     D:2: 578 daAuts
     D:1: 452 daAuts
     D:3: 35 daAuts
